 Dungeon Crawl Stone Soup version 0.24.0-2-g5b39cebb1c (webtiles) character file.

Game seed: 236467410334086904, levelgen mode: deterministic

51 Mesmaeker13 the Stinger (level 3, 0/26 HPs)
             Began as a Demigod Venom Mage on Oct 31, 2019.
             Succumbed to an adder's poison
             ... on level 2 of the Dungeon.
             The game lasted 00:02:47 (1691 turns).

Mesmaeker13 the Stinger (Demigod Venom Mage)        Turns: 1691, Time: 00:02:48

Health: 0/26       AC:  2    Str: 10 (11) XL:     3   Next: 36%
Magic:  1/8        EV:  7    Int: 20 (21) God:
Gold:   76         SH:  0    Dex: 13 (16) Spells: 2/5 levels left

rFire    . . .     SeeInvis .   i - +0 spear
rCold    . . .     Gourm    .   (no shield)
rNeg     . . .     Faith    .   a - +0 robe
rPois    .         Spirit   .   (no helmet)
rElec    .         Reflect  .   (no cloak)
rCorr    .         Harm     .   (no gloves)
MR       .....                  (no boots)
Stlth    ++........             (no amulet)
HPRegen  0.08/turn              (no ring)
MPRegen  0.11/turn              (no ring)

@: lethally poisoned (0 -> -10), very slightly contaminated, held, invisible
A: high mp 1
a: no special abilities


You were on level 2 of the Dungeon.
You were not hungry.

You visited 1 branch of the dungeon, and saw 2 of its levels.

You collected 76 gold pieces.

Inventory:

Hand Weapons
 i - a +0 spear (weapon)
Missiles
 f - 4 boomerangs (quivered)
Armour
 a - a +0 robe (worn)
Scrolls
 b - a scroll of teleportation {unknown}
 g - a scroll of remove curse {unknown}
 h - 2 scrolls of identify {unknown}
 j - a scroll of enchant weapon {unknown}
Comestibles
 c - 3 rations
 d - a chunk of flesh


   Skills:
 + Level 2.5 Dodging
 - Level 1.7 Stealth
 - Level 1.7 Spellcasting
 + Level 1.9 Conjurations
 + Level 3.2 Poison Magic


You had 2 spell levels left.
You knew the following spells:

 Your Spells              Type           Power        Failure   Level  Hunger
a - Sting                 Conj/Pois      ##..         5%          1    #......
b - Poisonous Vapours     Pois/Air       #.....       12%         2    ###....

Your spell library contained the following spells:

 Spells                   Type           Power        Failure   Level  Hunger
 Mephitic Cloud           Conj/Pois/Air  #.......     24%         3    ###....
 Olgreb's Toxic Radiance  Pois           ##......     38%         4    #####..
 Venom Bolt               Conj/Pois      ##........   83%         5    ######.


Dungeon Overview and Level Annotations

Branches:
Dungeon (2/15)


Innate Abilities, Weirdness & Mutations

You have an increased reservoir of magic. (+10% MP)


Message History

The adder misses you. The adder bites you.
It was a potion of invisibility.
You fade into invisibility!
The gnoll throws a throwing net.
The throwing net closely misses the adder.
The throwing net hits you.
You become entangled in the net!
The adder bites you.
* * * LOW HITPOINT WARNING * * *
You are very lightly contaminated with residual magic.
You struggle against the net.
* * * LOW HITPOINT WARNING * * *
You feel sick. The adder bites you.
* * * LOW HITPOINT WARNING * * *
You struggle against the net.
The adder bites you but does no damage. The adder bites you.
* * * LOW HITPOINT WARNING * * *
You are more poisoned.
The adder poisons you!
You struggle against the net.
You die...

#>##...
################.......
#........†........#
#.##############...# #.#
#.##.# #.# #.# .# ##.## #.#
##...######## #.#
#.......gS@.# #.#
##....######.## #.# #....##
#...# #.# ###....######...#
#.##
#.....>.........#####..#
#.......†÷...).....##.)#####
#.......##.................#
###...####.........###.#(#.#
#...# ####...#### #.#(#.#


You could see a gnoll and an adder.

Vanquished Creatures
  2 adders (D:2)
  3 dart slugs (D:1)
  A leopard gecko (D:2)
  3 bats
  4 goblins
  3 hobgoblins
  4 jackals (D:1)
  3 kobolds (D:1)
  3 rats
26 creatures vanquished.

Notes
Turn   | Place    | Note
-------+----------+-------------------------------------------
     0 | D:1      | Mesmaeker13 the Demigod Venom Mage began the quest for the
                  | Orb.
     0 | D:1      | Reached XP level 1. HP: 14/14 MP: 5/5
   157 | D:1      | Reached skill level 1 in Conjurations
   564 | D:1      | Reached XP level 2. HP: 20/20 MP: 0/7
   679 | D:1      | Reached skill level 3 in Poison Magic
  1390 | D:2      | Learned a level 2 spell: Poisonous Vapours
  1456 | D:2      | Reached XP level 3. HP: 26/26 MP: 5/8
  1690 | D:2      | HP: 1/26 [adder (1)]
  1691 | D:2      | Succumbed to an adder's poison

Levels and vault maps discovered:
D:1:      minmay_arrival_radiant_lines, layout_rooms, serial_glass,
          glass_columns_a, glass_columns_b
D:2:      layout_loops_ring, kennysheep_generic_room_13, uniq_robin

Skill      XL: |  1  2 |
---------------+-------+-----
Conjurations   | 1 |  1.9
Dodging        | 2 |  2.5
Poison Magic   | 3 |  3.2
Stealth        | |  1.7
Spellcasting   | |  1.7

Action                   || total
-------------------------++-------
Melee: Unarmed           ||    27
       Spear             ||     4
 Cast: Sting             ||    60
  Use: Potion            ||     2
  Eat: Chunk             ||     3
Armor: Robe              ||    25
Dodge: Dodged            ||    60
